AoeStats
← timmy_turner

Arabian Desert

510641355Analyzed
1v1 RM · 1d ago on Oct 1, 2026· 45m 10s· 2 players
Game mode
Random Map
Map size
Tiny (2 player)
Population
200
Speed
Normal
Resources
Standard
Victory
Conquest
Starting age
Dark Age
Ending age
Imperial Age
RankedLock teamsTeams togetherTeam positionsShared explorationLock speedFull tech treeHidden civsTurbo modeCheats
Victory
Defeat
🇨🇭 Mongols · Switzerland
1607
+17
🇺🇸 Magyars · United States
1635
-17
Bouillachaqua
8:11 Loom
10:24 Feudal Age
8:47 Loom
21:19 Fletching
24:42 Forging
29:18 Castle Age
28:57 Scale Barding Armor
30:12 Bloodlines
30:56 Husbandry
30:37 Light Cavalry
32:12 Chain Barding Armor
33:04 Gold Mining
43:01 Iron Casting
timmy_turner
6:14 Loom
10:58 Feudal Age
11:26 Double-Bit Axe
14:20 Fletching
29:12 Castle Age
27:50 Stone Mining
29:19 Bloodlines
29:20 Scale Barding Armor
34:58 Chain Barding Armor
42:13 Wheelbarrow
Connection lost

Rejoining the realm…

Still unreachable

The connection could not be restored.

Session expired

The server has moved on; the page needs a fresh start.